 Dungeon Crawl Stone Soup version 0.30.0-18-gc0e69614cb (webtiles) character file.

Game seed: 9469233904271932303

770 zazu2006 the Thaumaturge (level 7, -3/41 (51) HPs)
             Began as a Gnoll Wanderer on May 23, 2023.
             Slain by a wight
             ... wielding a +0 spear
              (5 damage)
             ... on level 5 of the Dungeon.
             The game lasted 00:08:40 (4703 turns).

zazu2006 the Thaumaturge (Gnoll Wanderer)           Turns: 4703, Time: 00:08:40

HP:   -3/41 (51)    AC:  4    Str: 12    XL:     7   Next: 83%
MP:   9/20          EV: 12    Int: 14    God:
Gold: 251           SH:  0    Dex: 10    Spells: 24/25 levels left

rFire   . . .        a - +2 mace
rCold   . . .        (no shield)
rNeg    . . .        h - +0 leather armour
rPois   .            r - +0 helmet
rElec   .            (no cloak)
rCorr   .            (no gloves)
SInv    .            (no boots)
Will    ++...        (no amulet)
Stlth   ++           f - ring of willpower
HPRegen 0.26/turn    w - ring of willpower
MPRegen 0.17/turn

%: no passive effects
@: very slightly contaminated, heavily drained
A: fangs 1, strong nose, distributed training
a: no special abilities


You were on level 5 of the Dungeon.
You visited 1 branch of the dungeon, and saw 5 of its levels.

You collected 251 gold pieces.

Inventory:

Hand Weapons
 a - a +2 mace (weapon)
 y - a +4 scimitar
Missiles
 b - 15 poisoned darts (quivered)
 k - 2 atropa-tipped darts
Armour
 h - a +0 leather armour (worn)
 r - a +0 helmet (worn)
Jewellery
 f - a ring of willpower (left hand)
 v - a ring of protection from fire
 w - a ring of willpower (right hand)
Wands
 u - a wand of polymorph (7)
Scrolls
 c - a scroll of amnesia {unknown}
 g - 2 scrolls of poison {unknown}
 l - 5 scrolls of identify {unknown}
 n - 3 scrolls of noise {unknown}
 p - a scroll of vulnerability {unknown}
 t - a scroll of fear {unknown}
 x - a scroll of fog {unknown}
Potions
 d - a potion of lignification
 i - a potion of brilliance {unknown}
 j - 3 potions of flight {unknown}
 m - 3 potions of curing
 o - a potion of heal wounds {unknown}
 q - a potion of attraction {unknown}
 s - a potion of haste {unknown}


   Skills:
 + Level 2.8 Fighting
 + Level 2.8 Short Blades
 + Level 2.8 Long Blades
 + Level 2.8 Axes
 + Level 5.4 Maces & Flails
 + Level 2.8 Polearms
 + Level 2.8 Staves
 + Level 2.8 Ranged Weapons
 + Level 7.2 Throwing
 + Level 2.8 Armour
 + Level 2.8 Dodging
 + Level 3.7 Stealth
 + Level 2.8 Shields
 + Level 2.8 Unarmed Combat
 + Level 9.7 Spellcasting
 + Level 2.3 Conjurations
 + Level 2.3 Hexes
 + Level 2.3 Summonings
 + Level 2.3 Necromancy
 + Level 2.3 Translocations
 + Level 2.3 Transmutations
 + Level 2.3 Fire Magic
 + Level 2.3 Ice Magic
 + Level 2.3 Air Magic
 + Level 2.3 Earth Magic
 + Level 2.3 Poison Magic
 + Level 3.1 Invocations
 + Level 2.8 Evocations


You had 24 spell levels left.
You knew the following spells:

 Your Spells              Type           Power      Damage    Failure   Level
a - Sandblast             Erth           26%        2d8       5%          1

Your spell library contained the following spells:

 Spells                   Type           Power      Damage    Failure   Level
 Stone Arrow              Conj/Erth      26%        3d8       16%         3


Dungeon Overview and Level Annotations

Branches:
Dungeon (5/15)
 Temple: D:4-7

Altars:


Innate Abilities, Weirdness & Mutations

You have very sharp teeth.
Your uncanny sense of smell can sniff out nearby items.
Your experience applies equally to all skills.


Message History

The wight partially resists.
The wight is severely damaged.
A wight comes into view. It is wielding a +0 dagger.
The wight hits you from afar with a +0 spear.
Aiming: Iceblast
Press: ? - help, Shift-Dir - straight line, f/p - wight
Aim: a wight, wielding a +0 spear and wearing a +0 robe (severely damaged)
The mass of ice explodes!
The iceblast engulfs the wight.
The wight partially resists.
The wight is almost destroyed.
The now-empty wand crumbles to dust.
The wight completely misses you.
Aiming: Polymorph
Press: ? - help, Shift-Dir - straight line, f - you, p - wight That beam is likely to hit you.
Continue anyway?
Okay, then.
Okay, then.
Casting: Sandblast (safe; 5% risk of failure)
Confirm with . or Enter, or press ? or * to list all spells.
Aiming: Sandblast (safe; 5% risk of failure)
Press: ? - help, Shift-Dir - straight line, f - wight
Aim: a wight, wielding a +0 spear and wearing a +0 robe (almost destroyed, 82% to hit)
The blast of sand hits the wight.
The wight is almost destroyed.
An iguana comes into view.
The wight hits you from afar with a +0 spear.
* * * LOW HITPOINT WARNING * * *
The wight hits you from afar with a +0 spear!
* * * LOW HITPOINT WARNING * * *
A wight comes into view. It is wielding a +0 morningstar.
Unknown command.
Casting: Sandblast (safe; 5% risk of failure)
Confirm with . or Enter, or press ? or * to list all spells.
Aiming: Sandblast (safe; 5% risk of failure)
Press: ? - help, Shift-Dir - straight line, f/p - wight
Aim: a wight, wielding a +0 spear and wearing a +0 robe (almost destroyed, 82% to hit)
The blast of sand hits the wight but does no damage.
The wight is almost destroyed.
The iguana hisses angrily.
The wight hits you from afar with a +0 spear.
You die...

#...........########
######......#
#......# #......#
#......# ########.
###......###.....l..
#......#...[........
#.........)........z
#...........@.zz....
#...................
#..........#........
#......#####........
#....... #........
#........ #########
#.........


You could see an iguana and 3 wights.

Vanquished Creatures
  Sigmund (D:2)
  A black bear (D:4)
  A bullfrog (D:4)
  A scorpion (D:5)
  2 wights (D:5)
  A gnoll bouda (D:3)
  An iguana (D:5)
  A sleepcap (D:4)
  An orc wizard (D:4)
  3 gnolls
  10 adders
  3 worms
  A dart slug (D:1)
  11 orcs
  4 bats (D:2)
  3 endoplasms
  6 giant cockroaches
  8 goblins
  3 hobgoblins
  2 jackals (D:2)
  3 quokkas
  8 ball pythons
  2 frilled lizards (D:2)
  4 kobolds
  3 rats
84 creatures vanquished.

Notes
Turn   | Place    | Note
-------+----------+-------------------------------------------
     0 | D:1      | Reached skill level 9 in Spellcasting
     0 | D:1      | zazu2006 the Gnoll Wanderer began the quest for the Orb.
     0 | D:1      | zazu2006 set off with the following items: a +2 mace, 15
                  | poisoned darts, a +0 dagger, a potion of lignification, a
                  | +0 robe; and the following spell memorised: Sandblast; and
                  | the following spells available to memorise: Stone Arrow.
     0 | D:1      | Reached XP level 1. HP: 13/13 MP: 10/10
   422 | D:1      | Reached XP level 2. HP: 19/20 MP: 6/12
   977 | D:2      | Found a faded altar of an unknown god.
  1028 | D:2      | Reached XP level 3. HP: 12/25 MP: 8/13
  1148 | D:2      | Reached skill level 1 in Invocations
  1221 | D:2      | Reached skill level 1 in Fighting
  1221 | D:2      | Reached skill level 1 in Short Blades
  1221 | D:2      | Reached skill level 1 in Long Blades
  1221 | D:2      | Reached skill level 1 in Axes
  1221 | D:2      | Reached skill level 1 in Polearms
  1221 | D:2      | Reached skill level 1 in Staves
  1221 | D:2      | Reached skill level 1 in Ranged Weapons
  1221 | D:2      | Reached skill level 1 in Armour
  1221 | D:2      | Reached skill level 1 in Dodging
  1221 | D:2      | Reached skill level 1 in Shields
  1221 | D:2      | Reached skill level 1 in Unarmed Combat
  1221 | D:2      | Reached skill level 1 in Evocations
  1321 | D:2      | Reached XP level 4. HP: 32/32 MP: 11/15
  1747 | D:2      | Reached skill level 1 in Conjurations
  1747 | D:2      | Reached skill level 1 in Hexes
  1747 | D:2      | Reached skill level 1 in Summonings
  1747 | D:2      | Reached skill level 1 in Necromancy
  1747 | D:2      | Reached skill level 1 in Translocations
  1747 | D:2      | Reached skill level 1 in Transmutations
  1747 | D:2      | Reached skill level 1 in Fire Magic
  1747 | D:2      | Reached skill level 1 in Ice Magic
  1747 | D:2      | Reached skill level 1 in Air Magic
  1747 | D:2      | Reached skill level 1 in Earth Magic
  1747 | D:2      | Reached skill level 1 in Poison Magic
  1922 | D:2      | Noticed Sigmund
  1928 | D:2      | Killed Sigmund
  1929 | D:2      | Reached XP level 5. HP: 17/38 MP: 11/17
  1929 | D:2      | Reached XP level 6. HP: 20/44 MP: 11/18
  2422 | D:3      | Reached skill level 5 in Maces & Flails
  3319 | D:4      | Noticed a black bear
  3331 | D:4      | Killed a black bear
  3466 | D:4      | Reached XP level 7. HP: 35/50 MP: 7/20
  4160 | D:5      | Entered Level 5 of the Dungeon
  4702 | D:5      | HP: 2/41 [wight/+0 spear (9)]
  4703 | D:5      | Slain by a wight

Illustrated notes

Levels and vault maps discovered:
D:1:      roderic_dead_forest, layout_basic, chequers_serial_rivers_small_3
D:2:      minmay_door_path, layout_loops_cross, chequers_ecumenical_altar_grove,
          minmay_tetromino_o4, uniq_sigmund
D:3:      layout_basic, kennysheep_doodads, minmay_misc_feat_square
D:4:      layout_cave_pools
D:5:      layout_basic, uniq_blork_the_orc

Skill      XL: |  1  2  3  4  5  6  7 |
---------------+----------------------+-----
Spellcasting   | |  9.7
Invocations    | 1 2 3 |  3.1
Fighting       | 1 2 |  2.8
Short Blades   | 1 2 |  2.8
Long Blades    | 1 2 |  2.8
Axes           | 1 2 |  2.8
Polearms       | 1 2 |  2.8
Staves         | 1 2 |  2.8
Ranged Weapons | 1 2 |  2.8
Armour         | 1 2 |  2.8
Dodging        | 1 2 |  2.8
Shields        | 1 2 |  2.8
Unarmed Combat | 1 2 |  2.8
Evocations     | 1 2 |  2.8
Conjurations   | 1 2 |  2.3
Hexes          | 1 2 |  2.3
Summonings     | 1 2 |  2.3
Necromancy     | 1 2 |  2.3
Translocations | 1 2 |  2.3
Transmutations | 1 2 |  2.3
Fire Magic     | 1 2 |  2.3
Ice Magic      | 1 2 |  2.3
Air Magic      | 1 2 |  2.3
Earth Magic    | 1 2 |  2.3
Poison Magic   | 1 2 |  2.3
Stealth        | 3 |  3.7
Maces & Flails | 5 |  5.4
Throwing       | 7 |  7.2

Action                     |  1- 3 |  4- 6 |  7- 9 || total
---------------------------+-------+-------+-------++-------
  Melee: Mace              |     4 |     3 |       ||     7
   Cast: Sandblast         |    36 |   105 |    76 ||   217
  Evoke: Wand              |       |     2 |     2 ||     4
    Use: Potion            |       |       |     2 ||     2
   Stab: Sleeping          |     1 |       |       ||     1
 Armour: Robe              |     2 |       |       ||     2
         Leather armour    |       |    38 |     7 ||    45
         Skin              |       |       |     2 ||     2
  Dodge: Dodged            |     8 |    53 |    38 ||    99
